 Dungeon Crawl Stone Soup version 0.23-a0-147-g7935be9 (webtiles) character file.

48286 rayofluck the Basher (level 14, 0/132 HPs)
             Began as a Minotaur Berserker on Sept 6, 2018.
             Was the Champion of Trog.
             Slain by a warg (15 damage)
             ... on level 1 of the Orcish Mines.
             The game lasted 03:08:17 (16594 turns).

rayofluck the Basher (Minotaur Berserker)          Turns: 16594, Time: 03:08:18

Health: 0/132      AC: 15    Str: 27    XL:     14   Next: 11%
Magic:  26/26      EV: 21    Int: 10    God:    Trog [******]
Gold:   1386       SH:  7    Dex: 16    Spells: 13/13 levels left

rFire    . . .     SeeInvis +   b - +6 mace "Cilip" {holy, -Tele rElec rN+ Int+6}
rCold    . . .     Gourm    +   e - +0 buckler {reflect}
rNeg     + . .     Faith    .   d - +0 troll leather armour
rPois    +         Spirit   .   R - +1 hat {SInv}
rElec    +         Reflect  +   c - +2 cloak {rPois}
rCorr    +         Harm     .   g - +2 pair of gloves of Uskayaw's Regard {*Contam MP+9 Str+6}
MR       ++...     NoTele   +   f - +0 pair of boots
Stlth    +.........             h - amulet of the gourmand
HPRegen  0.72/turn              k - ring of resist corrosion
MPRegen  0.20/turn              i - ring of protection from magic

@: berserk cooldown, very slightly contaminated, slowed, invisible, very slow
A: retaliatory headbutt, horns 2
a: Berserk, Trog's Hand, Brothers in Arms, Renounce Religion


You were on level 1 of the Orcish Mines.
You worshipped Trog.
Trog was exalted by your worship.
You were full.

You visited 3 branches of the dungeon, and saw 17 of its levels.
You also visited: Ice Cave.

You collected 1386 gold pieces.

Inventory:

Hand Weapons
 a - a +1 demon whip of electrocution
 b - the +6 mace "Cilip" (weapon) {holy, -Tele rElec rN+ Int+6}
   (You found it on level 10 of the Dungeon)

   It has been blessed by the Shining One to cause great damage to the undead
   and demons.
   It affects your intelligence (+6).
   It insulates you from electricity.
   It protects you from negative energy.
   It prevents most forms of teleportation.
 M - the +7 flail of the Unspeakable One {freeze, *Rage rPois SInv}
   (Trog gifted it to you on level 6 of the Lair of Beasts)

   It has been specially enchanted to freeze those struck by it, causing extra
   injury to most foes and up to half again as much damage against particularly
   susceptible opponents.
   It can also slow down cold-blooded creatures.
   It protects you from poison.
   It lets you see invisible.
   It may make you go berserk in combat.
Armour
 c - a +2 cloak of poison resistance (worn)
 d - a +0 troll leather armour (worn)
 e - a +0 buckler of reflection (worn)
 f - a +0 pair of boots (worn)
 g - the +2 pair of gloves of Uskayaw's Regard (worn) {*Contam MP+9 Str+6}
   (You found it on level 2 of the Lair of Beasts)

   It affects your strength (+6).
   It affects your magic capacity (+9).
   It causes magical contamination when unequipped.
 R - a +1 hat of see invisible (worn)
Jewellery
 h - an amulet of the gourmand (around neck)
 i - a ring of protection from magic (right hand)
 j - an uncursed ring of protection from fire
 k - a ring of resist corrosion (left hand)
 l - an uncursed ring of flight
 m - an uncursed ring of ice
Wands
 u - a wand of enslavement (11)
 y - a wand of paralysis (9)
 B - a wand of iceblast (20)
 C - a wand of clouds (7)
 E - a wand of acid (15)
 G - a wand of polymorph (19)
 H - a wand of flame (71)
 L - a wand of scattershot (9)
Scrolls
 p - a scroll of blinking
 q - 6 scrolls of remove curse
 I - 5 scrolls of teleportation
 J - 2 scrolls of identify
 N - a scroll of fog
 P - a scroll of amnesia
Potions
 o - a potion of berserk rage
 s - 3 potions of mutation
 t - 3 potions of might
 v - 2 potions of invisibility
 w - 3 potions of ambrosia
 x - 2 potions of flight
 z - 8 potions of curing
 A - 3 potions of heal wounds
 D - 4 potions of haste
 F - a potion of cancellation
 K - 2 potions of agility
 O - a potion of resistance
Miscellaneous
 Q - a sack of spiders
Comestibles
 n - 20 rations


   Skills:
 - Level 14.0 Fighting
 - Level 14.0 Maces & Flails
 - Level 12.0 Armour
 + Level 12.8 Dodging
 - Level 10.0 Shields
 + Level 6.0 Evocations


You had 13 spell levels left.
You didn't know any spells.
Your spell library was empty.

Dungeon Overview and Level Annotations

Branches:
Dungeon (10/15)            Temple (0/1) D:5            Lair (6/6) D:9
 Shoals (0/4) Lair:3       Spider (0/4) Lair:4        Slime (0/5) Lair:6
    Orc (1/2) D:10

Altars:
Ashenzari
Elyvilon
Gozag
Hepliaklqana
Kikubaaqudgha
Makhleb
Nemelex Xobeh
Qazlal
Vehumet
Xom
Zin
Jiyva

Shops:
D:5 :   D:6 =


Innate Abilities, Weirdness & Mutations

You reflexively headbutt those who attack you in melee.
You have a pair of horns on your head.


Message History

The orc warrior no longer looks unusually strong.
The orc misses you. You furiously retaliate!
You headbutt the orc!
You kill the orc!
Trog accepts your kill.
The orc knight roars a battlecry!
The orc warrior goes into a battle-frenzy!
An orc comes into view. It is wielding a short sword.
The ettin completely misses you. You furiously retaliate!
You headbutt the ettin! The ettin barely misses you.
The ogre barely misses you.
The orc no longer looks unusually strong.
The ogre completely misses you. You block the orc wizard's attack.
The ettin misses you. You furiously retaliate!
You headbutt the ettin, but do no damage.
The ettin misses you.
The orc knight roars a battlecry!
The warg closely misses you.
You hear a shout!
The warg bites you!
You die...

#.#....).o.o.#...
##.......C###
#......C...#
##.###.#..##
##.###.#o##
#......o..#
##..o.$..##
##.#.CO..#
#..@h.$.##
##.##.### ## ###


You could see an orc knight, 2 ettins, a warg, an ogre, an orc wizard
(invisible) and an orc.

Vanquished Creatures
  Fannar (Lair:3)
  5 hydras
  4 catoblepae (Lair:6)
  3 two-headed ogres
  The ghost of HyperSnackFlakAttack the Quickloader, a journeyman KoHu of Okawaru (Lair:1)
  6 death yaks (Lair:6)
  Urug (Lair:3)
  A fire crab (Lair:4)
  An unseen horror (D:10)
  A deep elf mage (D:10)
  2 oklob plants (Lair:6)
  A manticore (Lair:6)
  Maurice (D:8)
  6 black mambas
  4 elephants (Lair:6)
  A gargoyle (D:10)
  7 spiny frogs
  3 komodo dragons
  6 ice devils (IceCv)
  A rime drake (Lair:6)
  A merfolk (Lair:3)
  2 trolls (D:10)
  Prince Ribbit (D:8)
  31 blink frogs
  A hornet (D:10)
  6 hippogriffs
  28 yaks
  A fire bat (Lair:4)
  2 fire elementals (Lair:4)
  2 basilisks
  A hungry ghost (D:7)
  2 wargs (Orc:1)
  13 water moccasins
  12 orc warriors
  7 porcupines
  A black bear (D:9)
  A phantom (D:5)
  A hornet zombie (D:9)
  8 ice beasts (Lair:2)
  3 wolves (Lair:3)
  4 sky beasts
  2 necrophages
  3 ogres
  3 centaurs
  16 crocodiles
  8 bullfrogs
  8 killer bees
  3 scorpions
  10 wights
  3 electric eels (Lair:6)
  2 vampire bats (D:8)
  4 howler monkeys
  4 crimson imps
  A centaur zombie (D:6)
  A bullfrog zombie (D:10)
  2 centaur skeletons
  2 hounds
  A quasit (D:10)
  3 jellies
  7 orc priests
  12 orc wizards
  10 iguanas
  7 worker ants
  Natasha (thrice) (D:4)
  A killer bee zombie (D:9)
  A bullfrog simulacrum (D:10)
  2 hound skeletons
  4 gnolls
  A howler monkey skeleton (D:9)
  11 adders
  4 shadow imps
  3 oozes
  An adder zombie (D:10)
  4 worms
  3 dart slugs (D:1)
  12 leopard geckos
  32 orcs
  4 bat zombies (D:8)
  6 giant cockroaches
  4 goblins
  8 hobgoblins
  2 jackals (D:2)
  3 quokkas
  13 bats
  11 frilled lizards
  A jackal zombie (D:7)
  12 kobolds
  A leopard gecko zombie (D:9)
  9 rats
  A butterfly (D:6)
  A fungus (Lair:5)
  A plant (Lair:6)
455 creatures vanquished.

Vanquished Creatures (others)
  A manticore (Lair:6)
  A centaur (D:10)
  A bush (Lair:2)
  9 fungi
  4 plants
16 creatures vanquished.

Grand Total: 471 creatures vanquished

Notes
Turn   | Place    | Note
-------+----------+-------------------------------------------
     0 | D:1      | rayofluck the Minotaur Berserker began the quest for the
                  | Orb.
     0 | D:1      | Reached XP level 1. HP: 19/19 MP: 0/0
   214 | D:1      | Reached XP level 2. HP: 26/26 MP: 1/1
   459 | D:1      | Reached ** piety under Trog
   600 | D:1      | Reached skill level 5 in Maces & Flails
   709 | D:1      | Reached XP level 3. HP: 31/31 MP: 2/2
  1549 | D:2      | Reached XP level 4. HP: 32/39 MP: 3/3
  2068 | D:3      | Reached *** piety under Trog
  2171 | D:3      | Found a stormy altar of Qazlal.
  2226 | D:3      | Found a burning altar of Makhleb.
  2226 | D:3      | Found an opulent altar of Gozag.
  2499 | D:4      | Noticed an ogre
  2516 | D:4      | Killed an ogre
  2516 | D:4      | Reached XP level 5. HP: 45/45 MP: 4/4
  2593 | D:4      | Noticed Natasha
  2598 | D:4      | Killed Natasha
  2607 | D:4      | Noticed Natasha
  2726 | D:4      | Killed Natasha
  2726 | D:4      | Reached XP level 6. HP: 51/51 MP: 5/5
  2953 | D:4      | Noticed Natasha
  2970 | D:4      | Killed Natasha
  3119 | D:4      | Noticed an orc warrior
  3121 | D:4      | Found a white marble altar of Elyvilon.
  3131 | D:4      | Killed an orc warrior
  3131 | D:4      | Reached XP level 7. HP: 27/57 MP: 6/6
  3409 | D:4      | Found a sparkling altar of Nemelex Xobeh.
  3587 | D:5      | Entered Level 5 of the Dungeon
  3660 | D:5      | Reached skill level 10 in Maces & Flails
  3699 | D:5      | Reached skill level 5 in Armour
  3699 | D:5      | Reached XP level 8. HP: 50/64 MP: 7/7
  3801 | D:5      | Found a staircase to the Ecumenical Temple.
  3869 | D:5      | Found Tydi's Book Boutique.
  4258 | D:6      | Found a shimmering altar of Xom.
  4401 | D:6      | Found Siur's Jewellery Shop.
  4593 | D:6      | Found a glowing silver altar of Zin.
  4675 | D:6      | Found a shattered altar of Ashenzari.
  4866 | D:6      | Noticed a two-headed ogre
  4874 | D:6      | Killed a two-headed ogre
  4874 | D:6      | Reached XP level 9. HP: 70/70 MP: 8/8
  4878 | D:6      | Reached **** piety under Trog
  5118 | D:6      | Identified a scroll of acquirement
  5483 | D:7      | Reached skill level 5 in Fighting
  5803 | D:7      | Reached skill level 10 in Armour
  5900 | D:7      | Got a jewelled hand axe
  5901 | D:7      | Identified the +1 hand axe "Xonn" {holy, *Drain +Blink rC+
                  | Dex+2} (You found it on level 7 of the Dungeon)
  6216 | D:8      | Found an ancient bone altar of Kikubaaqudgha.
  6303 | D:8      | Noticed Maurice
  6335 | D:8      | Killed Maurice
  6335 | D:8      | Reached XP level 10. HP: 89/89 MP: 9/9
  6443 | D:8      | Noticed Prince Ribbit
  6456 | D:8      | Killed Prince Ribbit
  6702 | D:8      | Got a scorched hand crossbow
  6703 | D:8      | Identified the +5 hand crossbow of Gytz {venom, rC- rN+
                  | SInv} (You found it on level 8 of the Dungeon)
  6723 | D:8      | Found a radiant altar of Vehumet.
  6941 | D:8      | Found a hazy altar of Hepliaklqana.
  7113 | D:9      | Found a stormy altar of Qazlal.
  7196 | D:9      | Found a staircase to the Lair.
  7876 | D:10     | Entered Level 10 of the Dungeon
  7887 | D:10     | Reached skill level 10 in Fighting
  8122 | D:10     | Noticed a gargoyle
  8129 | D:10     | Paralysed by a hornet for 1 turns
  8131 | D:10     | Reached ***** piety under Trog
  8135 | D:10     | Killed a gargoyle
  8355 | D:10     | Found a staircase to the Orcish Mines.
  8602 | D:10     | Noticed a deep elf mage
  8613 | D:10     | Killed a deep elf mage
  8811 | D:10     | Got a transparent mace
  8836 | D:10     | Noticed a two-headed ogre
  8841 | D:10     | Killed a two-headed ogre
  8841 | D:10     | Reached XP level 11. HP: 87/104 MP: 10/10
  8871 | D:10     | Identified the +6 mace "Cilip" {holy, -Tele rElec rN+
                  | Int+6} (You found it on level 10 of the Dungeon)
  8936 | D:10     | Killed an unseen horror
  8936 | D:10     | Reached skill level 5 in Dodging
  9106 | D:10     | Found a shimmering altar of Xom.
  9192 | D:10     | Reached skill level 5 in Shields
  9307 | D:10     | Noticed a two-headed ogre
  9317 | D:10     | Killed a two-headed ogre
  9497 | Lair:1   | Entered Level 1 of the Lair of Beasts
  9497 | Lair:1   | Found a runed door.
  9497 | Lair:1   | Noticed HyperSnackFlakAttack's ghost (journeyman KoHu)
  9511 | Lair:1   | Received a gift from Trog
  9932 | Lair:1   | Killed HyperSnackFlakAttack's ghost
 10629 | Lair:2   | Found a frozen archway.
 10661 | Lair:2   | Noticed a seven-headed hydra
 10668 | Lair:2   | Killed a seven-headed hydra
 10736 | Lair:2   | Reached XP level 12. HP: 112/112 MP: 11/11
 10773 | Lair:2   | Reached ****** piety under Trog
 10801 | Lair:2   | Reached skill level 10 in Shields
 10808 | IceCv    | Entered an ice cave
 10906 | IceCv    | Received a gift from Trog
 11194 | Lair:2   | Got a pair of twisted gloves
 11206 | Lair:2   | Identified the +2 pair of gloves of Uskayaw's Regard
                  | {*Contam MP+9 Str+6} (You found it on level 2 of the Lair
                  | of Beasts)
 11777 | Lair:3   | Noticed Urug
 11796 | Lair:3   | Killed Urug
 12091 | Lair:3   | Found a staircase to the Shoals.
 12233 | Lair:3   | Noticed Fannar
 12249 | Lair:3   | Killed Fannar
 12975 | Lair:4   | Found a transporter.
 12991 | Lair:4   | Found a transporter.
 13021 | Lair:4   | Reached skill level 10 in Dodging
 13209 | Lair:4   | Reached XP level 13. HP: 104/119 MP: 12/12
 13548 | Lair:4   | Found a hole to the Spider Nest.
 14835 | Lair:6   | Entered Level 6 of the Lair of Beasts
 14852 | Lair:6   | Received a gift from Trog
 14856 | Lair:6   | Got a steaming flail {god gift}
 14858 | Lair:6   | Identified the +7 flail of the Unspeakable One {freeze,
                  | *Rage rPois SInv} (Trog gifted it to you on level 6 of the
                  | Lair of Beasts)
 14940 | Lair:6   | Found a runed door.
 14959 | Lair:6   | Found a viscous altar of Jiyva.
 14959 | Lair:6   | Found a staircase to the Slime Pits.
 15121 | Lair:6   | Reached skill level 1 in Evocations
 15731 | Lair:6   | Reached skill level 5 in Evocations
 15857 | Lair:6   | Reached XP level 14. HP: 132/132 MP: 17/17
 16262 | Lair:6   | Received a gift from Trog
 16549 | Orc:1    | Entered Level 1 of the Orcish Mines
 16594 | Orc:1    | Slain by a warg

Vault maps used:
D:1:      dpeg_cavernosity
D:2:      kennysheep_six_static_rooms, first_ration
D:3:      gammafunk_temple_overflow_wave, grunt_qazlal_clouds
D:4:      nicolae_overflow_hidden_temple, marbit_many_paths,
          kennysheep_little_box, uniq_natasha
D:5:      minmay_temple_entry_junction, serial_shops, shop_statue
D:6:      xom_butterflies, old_standard_altar, ashenzari_conservatory_becter,
          serial_shops, nicolae_shop_trees, minivault_5,
          kennysheep_generic_room_7
D:8:      kennysheep_vampire_church, nicolae_overflow_crystal_walls,
          vehumet_crystals, serial_column_ruins, column_ruins_columns_straight,
          column_ruins_open_tiny, column_ruins_open_small_water, uniq_maurice,
          uniq_prince_ribbit1
D:9:      lemuel_doored_altar, lair_entry_dummy
D:10:     minmay_the_grid_3x2, orc_0_dummy, tgw_xom
Lair:1:   lemuel_reptile_caves, hellmonk_ghost_happy_afterlife
Lair:2:   portal_ice_cave_entry_ice_beasts, lab_entry_generic,
          infiniplex_staircase_pool
Lair:3:   elwin_shoals_entry_rooms, lemuel_fruit_fields, serial_bayou_shore_a,
          uniq_fannar, uniq_urug
Lair:4:   gammafunk_cloud_chamber, nicolae_spider_entry_non_spiders,
          grunt_megastairs_3
Lair:5:   grunt_megastairs_1
Lair:6:   evilmike_catoblepas_cave, slime_altar_2, disabler_island,
          minmay_lair_oklob_chamber
IceCv:    ice_cave_tombish

Skill      XL: |  1  2  3  4  5  6  7  8  9 10 11 12 13 14 |
---------------+-------------------------------------------+-----
Maces & Flails | 4 5 6 7 8 9 10 12 14 | 14.0
Armour         | 5 8 10 12 | 12.0
Fighting       | 8 12 14 | 14.0
Dodging        | 4 9 10 12 | 12.8
Shields        | 4 9 10 | 10.0
Evocations     | 5 6 |  6.0

Action                   |  1- 3 |  4- 6 |  7- 9 | 10-12 | 13-15 || total
-------------------------+-------+-------+-------+-------+-------++-------
Melee: Mace              |    76 |    71 |    34 |   145 |    36 ||   362
       Headbutt          |     9 |    15 |    44 |   165 |   105 ||   338
       Battleaxe         |       |       |    40 |       |       ||    40
       Demon whip        |       |       |   149 |   566 |   301 ||  1016
       Flail             |       |       |       |       |     2 ||     2
Invok: Berserk           |     1 |     7 |     8 |    17 |     6 ||    39
 Abil: Evoke Flight      |       |       |       |     1 |       ||     1
Evoke: Wand              |       |       |       |       |     1 ||     1
  Use: Scroll            |     3 |     7 |    11 |    15 |     7 ||    43
       Potion            |     3 |       |       |       |     2 ||     5
  Eat: Chunk             |     3 |     7 |    16 |    28 |    21 ||    75
       Ration            |       |     1 |     3 |     4 |       ||     8
Armor: Animal skin       |    22 |    12 |       |       |       ||    34
       Plate armour      |       |       |   106 |    35 |       ||   141
       Troll leather arm |       |       |       |    87 |    42 ||   129
Dodge: Dodged            |    62 |    33 |    53 |   230 |   149 ||   527
Block: Buckler           |       |       |       |    84 |    72 ||   156
       Reflection        |       |       |       |     2 |     2 ||     4

Table legend:
 A = Non-vault XP
 B = Vault XP
 C = Vault XP percentage of total XP
 D = Non-vault monster count
 E = Vault monster count
 F = Vault count percentage of total count
                 A         B        C        D         E       F
            +---------+---------+-------+---------+---------+-------
      Total |   40802 |   28179 |  40.9 |     316 |     138 |  30.4
            +---------+---------+-------+---------+---------+-------
        D:1 |      39 |       8 |  17.0 |      22 |       4 |  15.4
        D:2 |      48 |      23 |  32.4 |      14 |       6 |  30.0
        D:3 |      52 |       0 |   0.0 |      19 |       0 |   0.0
        D:4 |     511 |     170 |  25.0 |      14 |       2 |  12.5
        D:5 |     714 |       0 |   0.0 |      13 |       0 |   0.0
        D:6 |    1469 |       3 |   0.2 |      13 |       1 |   7.1
        D:7 |    2030 |       0 |   0.0 |      40 |       0 |   0.0
        D:8 |     112 |     882 |  88.7 |       7 |       8 |  53.3
        D:9 |     696 |       0 |   0.0 |      12 |       0 |   0.0
       D:10 |    2798 |    3999 |  58.8 |      35 |      23 |  39.7
     Lair:1 |    1865 |    2120 |  53.2 |      10 |      30 |  75.0
     Lair:2 |    6869 |    1095 |  13.7 |      24 |       8 |  25.0
     Lair:3 |    5863 |    2186 |  27.2 |      28 |       3 |   9.7
     Lair:4 |    2365 |    2138 |  47.5 |      10 |      14 |  58.3
     Lair:5 |    3510 |     574 |  14.1 |      14 |       2 |  12.5
     Lair:6 |   10739 |   12938 |  54.6 |      26 |      31 |  54.4
      Orc:1 |    1122 |       0 |   0.0 |      15 |       0 |   0.0
      IceCv |       0 |    2043 | 100.0 |       0 |       6 | 100.0
            +---------+---------+-------+---------+---------+-------
